AoeStats
← Diyaker1912

Arena

504561245Analyzed
1v1 RM · 26d ago on Sep 5, 2026· 55m 25s· 2 players
Game mode
Random Map
Map size
Tiny (2 player)
Population
200
Speed
Normal
Resources
Standard
Victory
Conquest
Starting age
Dark Age
Ending age
Imperial Age
RankedLock teamsTeams togetherTeam positionsShared explorationLock speedFull tech treeHidden civsTurbo modeCheats
Victory
Defeat
🇨🇱 Saracens · Chile
647
+13
🇹🇷 Turks · Türkiye
582
-13
Diyaker1912
10:34 Feudal Age
11:04 Horse Collar
11:10 Double-Bit Axe
18:28 Castle Age
19:56 Bloodlines
19:47 Husbandry
27:42 Scale Barding Armor
33:18 Padded Archer Armor
36:48 Imperial Age
34:44 Ballistics
37:44 Bow Saw
37:27 Gold Mining
37:40 Heavy Plow
37:19 Capped Ram
38:46 Gold Shaft Mining
37:38 Elite Janissary
38:16 Treadmill Crane
38:34 Cavalier
40:07 Conscription
40:20 Stone Mining
43:53 Chain Barding Armor
43:44 Forging
43:51 Leather Archer Armor
52:13 Plate Barding Armor
ishikaorimura
10:14 Feudal Age
10:51 Double-Bit Axe
20:36 Castle Age
19:00 Fletching
19:10 Padded Archer Armor
21:37 Wheelbarrow
21:41 Bow Saw
27:14 Stone Mining
27:05 Crossbowman
31:11 Gold Mining
34:21 Leather Archer Armor
34:02 Bodkin Arrow
39:48 Imperial Age
37:37 Hand Cart
37:12 Town Watch
37:15 Loom
37:49 Thumb Ring
39:19 Ballistics
39:47 Town Patrol
39:50 Murder Holes
40:06 Fortified Wall
41:57 Gold Shaft Mining
42:45 Conscription
42:39 Counterweights
43:45 Bracer
44:16 Ring Archer Armor
43:08 Arbalester
51:47 Forging
51:43 Scale Barding Armor
53:17 Squires
53:04 Arson
52:42 Pikeman
54:24 Iron Casting
54:10 Chain Barding Armor
Connection lost

Rejoining the realm…

Still unreachable

The connection could not be restored.

Session expired

The server has moved on; the page needs a fresh start.